 Dungeon Crawl Stone Soup version 0.20.1-1-g8b1a95d (webtiles) character file.

13 tailblues the Magician (level 2, 0/20 HPs)
             Began as a Demigod Wizard on Nov 4, 2017.
             Slain by a gnoll (8 damage)
             ... on level 1 of the Dungeon.
             The game lasted 00:01:33 (431 turns).

tailblues the Magician (Demigod Wizard)              Turns: 431, Time: 00:01:34

Health: 0/20       AC:  2    Str: 10    XL:     2   Next: 12%
Magic:  3/8        EV: 12    Int: 22    God:
Gold:   35         SH:  0    Dex: 14    Spells: 6/7 levels left

rFire    . . .     SeeInvis .   a - +3 short sword
rCold    . . .     Gourm    .   (no shield)
rNeg     . . .     Faith    .   l - +0 robe
rPois    .         Spirit   .   b - +0 hat
rElec    .         Reflect  .   (no cloak)
rCorr    .         Harm     .   (no gloves)
MR       .....                  (no boots)
Stlth    ++........             (no amulet)
Regen    0.1/turn               (no ring)
MPRegen  0.2/turn               (no ring)

@: no status effects
A: high mp 1
a: no special abilities


You were on level 1 of the Dungeon.
You were not hungry.

You visited 1 branch of the dungeon, and saw 1 of its levels.

You collected 35 gold pieces.

Inventory:

Hand Weapons
 a - a +3 short sword (weapon)
 c - a +0 dagger of venom
 g - a +0 spear
Missiles
 e - 3 javelins (quivered)
Armour
 b - a +0 hat (worn)
 l - a +0 robe (worn)
Scrolls
 k - a scroll of blinking {unknown}
 m - a scroll of identify {unknown}
Potions
 h - a potion of heal wounds {unknown}
 j - 2 potions of curing {unknown}
Books
 n - a book of Minor Magic

   Spells                             Type                      Level
   a - Magic Dart                     Conjuration                  1
   b - Blink                          Translocation                2
   c - Call Imp                       Summoning                    2
   d - Slow                           Hexes                        2
   e - Conjure Flame                  Conjuration/Fire             3
   f - Mephitic Cloud                 Conjuration/Poison/Air       3
Comestibles
 d - a bread ration
 f - a royal jelly


   Skills:
 * Level 0.1 Fighting
 + Level 1.8 Dodging
 + Level 1.9 Stealth
 + Level 3.1 Spellcasting
 + Level 1.0 Conjurations
   Level 0.8 Summonings
   Level 0.8 Translocations


You had 6 spell levels left.
You knew the following spells:

 Your Spells              Type           Power        Failure   Level  Hunger
a - Magic Dart            Conj           #...         9%          1    None


Dungeon Overview and Level Annotations

Branches:
Dungeon (1/15)


Innate Abilities, Weirdness & Mutations

You have an increased reservoir of magic. (+10% MP)


Message History

The magic dart hits the gnoll.
The gnoll is lightly wounded.
The gnoll hits you.
Casting: Magic Dart
Confirm with . or Enter, or press ? or * to list all spells.
Aiming: Magic Dart
Press: ? - help, Shift-Dir - straight line, f/p - gnoll
Aim: a gnoll (lightly wounded)
The magic dart hits the gnoll.
The gnoll is moderately wounded.
The gnoll barely misses you.
Casting: Magic Dart
Confirm with . or Enter, or press ? or * to list all spells.
Aiming: Magic Dart
Press: ? - help, Shift-Dir - straight line, f/p - gnoll
Aim: a gnoll (moderately wounded)
The magic dart hits the gnoll.
The gnoll is moderately wounded.
The gnoll hits you!
You die...

..## ###.......#..####.###...#
.#.#######..####..............##
###..........###.#.......(....#
.#...###....g##.#.#.####.##..##
#.##.# #.....#.###..# #(##...#
#.##.# #.....##.#.### #†##...#
.....# #.....###.## #.##...#
###..#######.# #g#### #.###.##
###..........# #@...# #.# #.#
.....######..###.##.####.# #.#
....## ##..............# .#
#.#.# ###.......##.########
#.#.####...#.######.........
..#....#.###.# #..#######
######....##.# #..#
..#....#..##.# #..#
#.#.......##.# #..#


You could see a gnoll.

Vanquished Creatures
  2 leopard geckos (D:1)
  A goblin (D:1)
  2 hobgoblins (D:1)
  A frilled lizard (D:1)
  3 kobolds (D:1)
  2 rats (D:1)
11 creatures vanquished.

Notes
Turn   | Place    | Note
-------+----------+-------------------------------------------
     0 | D:1      | tailblues the Demigod Wizard began the quest for the Orb.
     0 | D:1      | Reached XP level 1. HP: 14/14 MP: 6/6
   162 | D:1      | Reached skill level 1 in Conjurations
   349 | D:1      | Reached skill level 3 in Spellcasting
   370 | D:1      | Reached XP level 2. HP: 20/20 MP: 6/8
   431 | D:1      | Slain by a gnoll

Skill      XL: |  1 |
---------------+----+-----
Conjurations   | 1 |  1.0
Spellcasting   | 3 |  3.1
Fighting       | |  0.1
Dodging        | |  1.8
Stealth        | |  1.9
Summonings     | |  0.8
Translocations | |  0.8

Action                   || total
-------------------------++-------
Melee: Short sword       ||    10
 Cast: Magic Dart        ||    23
Armor: Robe              ||     1
Dodge: Dodged            ||    15
